 Dungeon Crawl Stone Soup version 0.22-a0-512-g0943f25 (webtiles) character file.

1089 Gorglomux the Ducker (level 8, -1/72 HPs)
             Began as a Deep Dwarf Air Elementalist on June 18, 2018.
             Was a Follower of Makhleb.
             Slain by an orc warrior
             ... wielding a +0 short sword
              (17 damage)
             ... on level 6 of the Dungeon.
             The game lasted 00:13:15 (5767 turns).

Gorglomux the Ducker (Deep Dwarf Air Elementalist)  Turns: 5767, Time: 00:13:16

Health: -1/72      AC:  6    Str: 14      XL:     8   Next: 9%
Magic:  13/16      EV: 15    Int: 16      God:    Makhleb [*.....]
Gold:   206        SH:  0    Dex: 12 (13) Spells: 9/10 levels left

rFire    . . .     SeeInvis .   U - +2 morningstar (protect)
rCold    . . .     Gourm    .   (no shield)
rNeg     . . .     Faith    .   a - +0 robe
rPois    +         Spirit   .   (no helmet)
rElec    .         Reflect  .   (no cloak)
rCorr    .         Harm     .   k - +0 pair of gloves
MR       +....                  j - +2 pair of boots
Stlth    ++........             (no amulet)
HPRegen  0.00/turn              Y - ring of magical power
MPRegen  0.15/turn              o - ring of poison resistance

@: non-regenerating, drained
A: damage resistance, heal wounds, sense surroundings 1, no regeneration
a: Heal Wounds, Renounce Religion


You were on level 6 of the Dungeon.
You worshipped Makhleb.
Makhleb was aware of your devotion.
You were not hungry.

You visited 1 branch of the dungeon, and saw 6 of its levels.

You collected 218 gold pieces.
You spent 12 gold pieces at shops.

Inventory:

Hand Weapons
 z - a +0 trident
 C - a +0 hand axe
 T - a +3 mace of protection
 U - a +2 morningstar of protection (weapon)
Armour
 a - a +0 robe (worn)
 j - a +2 pair of boots (worn)
 k - a +0 pair of gloves (worn)
 v - a +0 large shield
Jewellery
 i - a +2 ring of strength
 o - a ring of poison resistance (right hand)
 Y - a ring of magical power (left hand)
Wands
 E - a wand of enslavement (3)
 P - a wand of paralysis (9)
Scrolls
 f - 2 scrolls of remove curse
 u - 2 scrolls of enchant weapon
 y - 2 scrolls of fog {unknown}
 A - a scroll of immolation {unknown}
 F - a scroll of enchant armour {unknown}
 G - a scroll of blinking {unknown}
 Q - 2 scrolls of noise
 S - a scroll of teleportation {unknown}
 W - a scroll of random uselessness {unknown}
 X - a scroll of amnesia {unknown}
Potions
 e - a potion of mutation {!q}
 g - a potion of agility
 q - a potion of resistance {unknown}
 r - 2 potions of flight
 s - a potion of might
 V - a potion of lignification {unknown}
Comestibles
 c - 14 rations
 Z - 3 chunks of flesh


   Skills:
 + Level 4.1 Fighting
 + Level 3.2 Axes
 + Level 5.0 Armour
 + Level 5.7 Dodging
 - Level 2.4 Stealth
 - Level 1.7 Spellcasting
 - Level 0.8 Conjurations
 - Level 2.1 Air Magic
 + Level 3.6 Invocations


You had 9 spell levels left.
You knew the following spells:

 Your Spells              Type           Power        Failure   Level  Hunger
a - Shock                 Conj/Air       #...         12%         1    ##.....

Your spell library contained the following spells:

 Spells                   Type           Power        Failure   Level  Hunger
 Lightning Bolt           Conj/Air       #.........   97%         5    ######.
 Swiftness                Chrm/Air       #.......     21%         2    ###....
 Airstrike                Air            #.........   65%         4    #####..
 Static Discharge         Conj/Air       #.......     34%         3    ####...


Dungeon Overview and Level Annotations

Branches:
Dungeon (6/15)             Temple (0/1) D:5

Altars:
Fedhas
Makhleb

Shops:
D:4 ?

Annotations:
D:2 Sigmund


Innate Abilities, Weirdness & Mutations

You are resistant to damage.
You can heal yourself by infusing magical energy.
You passively map a small area around you.
You do not regenerate.


Message History

The orc warrior is almost dead!
The orc warrior misses butt!
You feel much better!
The orc butt hits you with a short sword!
You are too injured to fight recklessly!!!
You are too injured to fight recklessly!!!
You are too injured to fight recklessly!!!
You barely miss the orc warrior!
The orc warrior is almost dead!
The orc warrior hits you but does no damage!
The orc warrior misses you!
You barely miss the orc warrior!
The orc warrior is almost dead!
The orc warrior hits you with a butt sword! * * * don't die
* * * Your magical contamination has completely faded away!
You closely miss the orc warrior!
The orc warrior is almost dead!
The orc warrior hits you with a short sword!!!!!! rip

#.. * * * * #.. *** , #
* ... ,, * * ###### *
.#.# #.. * , ,, #.....
.....#..## * #.#### ,*
#.....#)# ##.##.. * #..#
##...... * ##.#
##......# * * #@#
#........ * * ##o##
###.....## #...#
#.......## * #..(#
#.#.#..... * #...#
#.#.#...## *,
####<..######.#......#
#...........##.#..#...#
, ,,
.......................
.....).......##.>....###


You could see an orc warrior.

Vanquished Creatures
  Eustachio (D:4)
  Menkaure (D:6)
  An ogre (D:4)
  2 bullfrogs (D:6)
  2 scorpions (D:4)
  A howler monkey (D:4)
  A bullfrog zombie (D:6)
  A crimson imp (D:6)
  A quasit (D:6)
  An orc priest (D:5)
  An orc wizard (D:6)
  An iguana (D:4)
  Ijyb (D:3)
  3 worker ants
  A hound skeleton (D:4)
  Robin (D:3)
  7 adders
  A shadow imp (D:3)
  2 oozes
  2 adder skeletons (D:4)
  A worm (D:4)
  2 dart slugs
  2 leopard geckos
  16 orcs
  11 bats
  3 giant cockroaches
  14 goblins
  8 hobgoblins
  12 jackals
  A quokka (D:3)
  A ball python (D:1)
  3 frilled lizards
  9 kobolds
  5 rats
120 creatures vanquished.

Vanquished Creatures (collateral kills)
  A hound (D:6)
  An orc priest (D:6)
  An orc (D:6)
3 creatures vanquished.

Vanquished Creatures (others)
  2 fungi (D:4)
2 creatures vanquished.

Grand Total: 125 creatures vanquished

Notes
Turn   | Place    | Note
-------+----------+-------------------------------------------
     0 | D:1      | Gorglomux the Deep Dwarf Air Elementalist began the quest for the Orb.
     0 | D:1      | Reached XP level 1. HP: 15/15 MP: 3/3
   515 | D:1      | Reached skill level 1 in Armour
   515 | D:1      | Reached XP level 2. HP: 24/24 MP: 2/4
  1020 | D:2      | Reached skill level 1 in Fighting
  1189 | D:2      | Reached XP level 3. HP: 23/31 MP: 0/5
  1641 | D:2      | Reached skill level 3 in Dodging
  1708 | D:2      | Noticed Sigmund
  2089 | D:3      | Noticed Robin
  2181 | D:3      | HP: 1/31 [goblin[Robin] (2)]
  2242 | D:3      | Killed Robin
  2242 | D:3      | Reached XP level 4. HP: 20/39 MP: 2/5
  2859 | D:4      | Noticed an ogre
  2888 | D:4      | Killed an ogre
  2888 | D:4      | Reached skill level 3 in Armour
  2888 | D:4      | Reached XP level 5. HP: 42/46 MP: 0/6
  3130 | D:4      | Reached skill level 3 in Fighting
  3130 | D:4      | Reached XP level 6. HP: 44/56 MP: 0/6
  3423 | D:4      | Found a burning altar of Makhleb.
  3423 | D:4      | Noticed a cacodemon
  3503 | D:4      | Noticed a neqoxec
  3503 | D:4      | Noticed a hellwing
  3505 | D:4      | Became a worshipper of Makhleb the Destroyer
  3624 | D:4      | Noticed Eustachio
  3686 | D:4      | Reached skill level 1 in Axes
  3969 | D:4      | Killed Eustachio
  3969 | D:4      | Reached skill level 1 in Invocations
  3969 | D:4      | Reached XP level 7. HP: 18/62 MP: 0/7
  4092 | D:4      | Found Befuffuck's Magic Scroll Boutique.
  4130 | D:4      | Found a blossoming altar of Fedhas.
  4157 | D:4      | Bought a scroll of noise for 12 gold pieces
  4332 | D:3      | Noticed Ijyb
  4357 | D:3      | Killed Ijyb
  4601 | D:5      | Entered Level 5 of the Dungeon
  4887 | D:5      | Found a staircase to the Ecumenical Temple.
  5527 | D:6      | Reached skill level 3 in Invocations
  5553 | D:6      | Reached * piety under Makhleb
  5589 | D:6      | Reached skill level 3 in Axes
  5661 | D:6      | Noticed Menkaure
  5699 | D:6      | Killed Menkaure
  5699 | D:6      | Reached XP level 8. HP: 18/72 MP: 8/8
  5767 | D:6      | Slain by an orc warrior

Vault maps used:
D:1:      ebering_hopf_link, corexii_corridor_pit
D:2:      uniq_sigmund
D:3:      uniq_robin, uniq_ijyb
D:4:      fedhas_altar_3, serial_shops, nicolae_shop_trees, first_ration,
          makhleb_altar_promises_db, uniq_eustachio
D:5:      minmay_temple_entry_mist
D:6:      uniq_grinder, uniq_menkaure, uniq_blork_the_orc

Skill      XL: |  1  2  3  4  5  6  7 |
---------------+----------------------+-----
Armour         | 1 2 3 4 5 |  5.0
Fighting       | 1 2 3 4 |  4.1
Dodging        | 3 4 5 |  5.7
Axes           | 1 3 |  3.2
Invocations    | 1 3 |  3.6
Stealth        | |  2.4
Spellcasting   | |  1.7
Conjurations   | |  0.8
Air Magic      | |  2.1

Action                   |  1- 3 |  4- 6 |  7- 9 || total
-------------------------+-------+-------+-------++-------
Melee: Unarmed           |    33 |       |       ||    33
       Dagger            |    65 |    90 |       ||   155
       Trident           |       |    47 |    52 ||    99
       Mace              |       |       |    89 ||    89
       Morningstar       |       |       |    10 ||    10
 Cast: Shock             |    98 |    84 |    52 ||   234
 Abil: Heal Wounds       |     2 |     5 |     7 ||    14
Evoke: Wand              |       |     2 |     9 ||    11
  Use: Scroll            |       |     1 |     5 ||     6
 Stab: Sleeping          |       |     2 |     2 ||     4
       Paralysed         |       |     6 |       ||     6
  Eat: Chunk             |     6 |     8 |     9 ||    23
Armor: Robe              |    37 |    23 |    75 ||   135
Dodge: Dodged            |   111 |   110 |   161 ||   382

Table legend:
 A = Spawn XP
 B = Non-spawn XP
 C = Spawn XP percentage of total XP
 D = Spawn monster count
 E = Non-spawn monster count
 F = Spawn count percentage of total count
 G = Total turns spent on level
                    A         B        C        D         E        F      G
               +---------+---------+-------+---------+---------+-------+---------
         Total |       0 |    1557 |   0.0 |       0 |     123 |   0.0 |  5767
               +---------+---------+-------+---------+---------+-------+---------
           D:1 |       0 |      23 |   0.0 |       0 |      13 |   0.0 |   997
           D:2 |       0 |      31 |   0.0 |       0 |      16 |   0.0 |   747
           D:3 |       0 |     167 |   0.0 |       0 |      39 |   0.0 |  1246
           D:4 |       0 |     715 |   0.0 |       0 |      26 |   0.0 |  1657
           D:5 |       0 |      72 |   0.0 |       0 |       8 |   0.0 |   751
           D:6 |       0 |     549 |   0.0 |       0 |      21 |   0.0 |   369
               +---------+---------+-------+---------+---------+-------+---------
